 Dungeon Crawl Stone Soup version 0.19-a0-465-g1d1674b (webtiles) character file.

492 Kilingo the Skirmisher (level 6, -1/43 HPs)
             Began as a High Elf Fire Elementalist on June 4, 2016.
             Was an Initiate of Fedhas.
             Slain by Duvessa
             ... wielding a +0 short sword
              (14 damage)
             ... on level 4 of the Dungeon.
             The game lasted 00:44:57 (3873 turns).

Kilingo the Skirmisher (High Elf Fire Elementalist) Turns: 3873, Time: 00:44:58

Health: -1/43      AC:  4    Str:  9    XL:     6   Next: 91%
Magic:  1/11       EV: 13    Int: 19    God:    Fedhas [......]
Gold:   152        SH:  0    Dex: 16    Spells: 4 memorised, 2 levels left

rFire  . . .     SeeInvis .     a - +2 dagger (flame)
rCold  . . .     Gourm    .     k - +0 robe
rNeg   . . .     Faith    .     (no shield)
rPois  .         Spirit   .     (no helmet)
rElec  .         Dismiss  .     (no cloak)
rCorr  .         Reflect  .     (no gloves)
SustAt .         Harm     .     n - +1 pair of boots
MR     .....                    (no amulet)
Stlth  +++.......               D - ring of stealth
                                u - ring of wizardry

@: not resistant to hostile enchantments, fairly stealthy
A: no striking features
a: Renounce Religion


You were on level 4 of the Dungeon.
You worshipped Fedhas.
Fedhas was noncommittal.
You were not hungry.

You visited 1 branch of the dungeon, and saw 4 of its levels.
You also visited: Sewer.

You collected 152 gold pieces.

Inventory:

Hand Weapons
 a - a +2 dagger of flaming (weapon)
 b - a +2 short sword of freezing
 y - a +1 quarterstaff of speed
Missiles
 x - 6 tomahawks (quivered)
Armour
 d - a +0 leather armour
 k - a +0 robe (worn)
 n - a +1 pair of boots (worn)
 q - a +0 buckler
Jewellery
 m - an uncursed ring of protection from cold
 u - a ring of wizardry (left hand)
 D - a ring of stealth (right hand)
Wands
 r - a wand of polymorph (10/24)
Scrolls
 e - 2 scrolls of recharging
 g - a scroll of enchant armour {unknown}
 i - a scroll of enchant weapon
 p - a scroll of remove curse {unknown}
 s - a scroll of teleportation {unknown}
 z - a scroll of random uselessness {unknown}
 B - a scroll of identify
Potions
 j - a potion of magic {unknown}
 o - a potion of might {unknown}
 v - a potion of lignification {unknown}
 C - a potion of ambrosia {unknown}
Books
 l - a book of Flames

   Spells                             Type                      Level
   a - Flame Tongue                   Conjuration/Fire             1
   b - Throw Flame                    Conjuration/Fire             2
   c - Conjure Flame                  Conjuration/Fire             3
   d - Inner Flame                    Hexes/Fire                   3
   e - Sticky Flame                   Conjuration/Fire             4
   f - Fireball                       Conjuration/Fire             5
Comestibles
 c - 5 bread rations
 f - a slice of pizza
 h - 3 beef jerkies
 w - 2 meat rations
 A - 4 fruits
 E - 3 chunks of flesh


   Skills:
 - Level 3.8 Fighting
 - Level 3.0 Short Blades
 + Level 2.7 Armour
 - Level 2.1 Dodging
 - Level 3.1 Stealth
 - Level 3.2 Spellcasting
 - Level 3.2 Conjurations
 - Level 3.0 Fire Magic


You had 2 spell levels left.
You knew the following spells:

 Your Spells              Type           Power        Failure   Level  Hunger
a - Flame Tongue          Conj/Fire      ##...        2%          1    None
b - Throw Flame           Conj/Fire      ##....       4%          2    ##.....
c - Conjure Flame         Conj/Fire      ##......     6%          3    ###....
d - Inner Flame           Hex/Fire       #.......     12%         3    ###....


Dungeon Overview and Level Annotations

Branches:
Dungeon (4/15)
 Temple: D:4-7

Altars:
Cheibriados
Fedhas
The Shining One

Annotations:
D:4 Duvessa


Message History

Press: ? - help, Shift-Dir - straight line, f - Duvessa
Aim: Duvessa, wielding a short sword (berserk, fast, unusually strong)
The flame tongue hits Duvessa.
Duvessa appears unharmed.
Duvessa barely misses you.
Casting: Flame Tongue
Confirm with . or Enter, or press ? or * to list all spells.
Aiming: Flame Tongue
Press: ? - help, Shift-Dir - straight line, f/p - Duvessa
Aim: Duvessa, wielding a short sword (berserk, fast, unusually strong)
The flame tongue hits Duvessa.
Duvessa is lightly wounded.
Duvessa hits you with a short sword.
* * * LOW HITPOINT WARNING * * *
Duvessa misses you. Duvessa hits you but does no damage.
Duvessa barely misses you.
There is a stone staircase leading up here.
Duvessa hits you with a short sword!
You die...
Fedhas appreciates your contribution to the ecosystem.

#.####.##.##.........#..#
#.#........+.........+...
#..........#.........##..
###.#.#....#..#.......#..
#.#.#....#..#.....#+##.
#.#.#....#..+...)......
#.#.#.......#..........
#...#...<.....#+#......
####..@e.######..##+##.
#..#......# # #...
###'######### #...
#...........# ####
#...........+ +...
#...........# ####
#...........# #
#...........###+####
###########......#.#


You could see Duvessa (berserk).

Vanquished Creatures
  2 giant frogs (Sewer)
  A scorpion (D:4)
  Dowan (D:4)
  A water moccasin skeleton (D:4)
  A giant frog skeleton (D:4)
  7 adders
  2 adder skeletons (D:4)
  5 worms
  3 dart slugs
  6 giant geckos
  2 orcs
  5 ball pythons
  13 giant cockroaches
  6 goblins
  10 hobgoblins
  6 jackals (D:2)
  2 quokkas (D:2)
  9 bats
  10 giant newts
  7 kobolds
  7 rats
106 creatures vanquished.

Notes
Turn   | Place    | Note
--------------------------------------------------------------
     0 | D:1      | Kilingo the High Elf Fire Elementalist began the quest for the Orb.
     0 | D:1      | Reached XP level 1. HP: 11/11 MP: 4/4
   161 | D:1      | Reached skill level 1 in Armour
   296 | D:1      | Reached skill level 1 in Fighting
   296 | D:1      | Reached XP level 2. HP: 18/18 MP: 4/6
   347 | D:1      | Found a glowing golden altar of the Shining One.
   411 | D:1      | Reached skill level 1 in Short Blades
   953 | D:1      | Learned a level 2 spell: Throw Flame
  1120 | D:1      | Reached XP level 3. HP: 23/23 MP: 5/7
  1125 | D:1      | Learned a level 3 spell: Conjure Flame
  1509 | D:2      | Reached XP level 4. HP: 28/28 MP: 1/8
  2205 | D:3      | Found a glowing drain.
  2298 | Sewer    | Entered a sewer
  2409 | Sewer    | Reached XP level 5. HP: 33/35 MP: 5/9
  2567 | Sewer    | Reached XP level 6. HP: 35/43 MP: 7/10
  3281 | D:3      | Learned a level 3 spell: Inner Flame
  3343 | D:4      | Found a blossoming altar of Fedhas.
  3361 | D:4      | Became a worshipper of Fedhas Madash
  3741 | D:4      | Found a snail-covered altar of Cheibriados.
  3834 | D:4      | Noticed Duvessa
  3837 | D:4      | Noticed Dowan
  3853 | D:4      | Killed Dowan
  3873 | D:4      | Slain by Duvessa

Vault maps used:
D:1:      dpeg_arrival_round_a, minmay_misc_feat_chi, tso_metal_star
D:3:      portal_sewer_entry_a, first_bread, minmay_vboxes
D:4:      fedhas_altar_fruit_tree, minmay_temple_entry_glassed_door,
          kennysheep_nub, cheibriados_altar_1, uniq_duvessa
Sewer:    sewer_frog_island_01

Skill      XL: |  1  2  3  4  5  6 |
---------------+-------------------+-----
Armour         | 1 2 |  2.7
Fighting       | 1 2 3 |  3.8
Short Blades   | 2 3 |  3.0
Conjurations   | 2 3 |  3.2
Stealth        | 3 |  3.1
Spellcasting   | 3 |  3.2
Dodging        | |  2.1
Fire Magic     | |  3.0

Action                   |  1- 3 |  4- 6 || total
-------------------------+-------+-------++-------
Melee: Unarmed           |     1 |       ||     1
       Dagger            |    17 |    49 ||    66
       Short sword       |       |    11 ||    11
 Cast: Flame Tongue      |    46 |    88 ||   134
       Throw Flame       |     8 |    21 ||    29
       Conjure Flame     |       |     1 ||     1
  Use: Scroll            |       |     7 ||     7
       Potion            |       |     2 ||     2
 Stab: Sleeping          |     7 |     6 ||    13
  Eat: Chunk             |     3 |     5 ||     8
       Bread ration      |       |     1 ||     1
Armor: Robe              |     5 |    20 ||    25
Dodge: Dodged            |    26 |    59 ||    85
